cohdb
Replays
Latest Replays
All Replays
Popular Replays
Top Player Replays
Match Explorer
How It Works
Community
CoH3 Stats
Reddit
Sign in to upload your games and track your stats! →
Sign in with Steam
Match 37981982
Unlisted
Match 37981982
Overview
Messages
Build Orders
End
Construct Section Command Post
Infantry Section
ML 3-inch Mortar Team
Infantry Section
Infantry Section
Construct Platoon Command Post
Unlock M3 Stuart Light Tanks
Infantry Section
Infantry Section
M3 Stuart Light Tank
Royal Engineer Section
M3 Stuart Light Tank
Grenade Package
M3 Stuart Light Tank
M3 Stuart Light Tank
Selects Air and Sea Battlegroup
Selects Commando Section Paradrop
Selects M1 Pack Howitzer Paradrop
Selects Incendiary Bombing Run
Selects Supply Surplus
Incendiary Bombing Run
Commando Section Paradrop
Jonesy
goatboy
Jakob
Kittisaktiyanan
vonMises
Katunar
Hezbollah Z
Mael Radec
0
0
Comments
sign in to comment!
No comments posted yet!